 Dungeon Crawl Stone Soup version 0.21.1-1-g345015f (webtiles) character file.

172 rgaf the Grave Robber (level 5, -1/35 HPs)
             Began as a Vampire Necromancer on Feb 15, 2018.
             Slain by a bullfrog zombie (5 damage)
             ... on level 3 of the Dungeon.
             The game lasted 00:05:10 (3889 turns).

rgaf the Grave Robber (Vampire Necromancer)         Turns: 3889, Time: 00:05:11

Health: -1/35      AC:  2    Str:  7    XL:     5   Next: 27%
Magic:  2/9        EV: 13    Int: 18    God:
Gold:   98         SH:  0    Dex: 15    Spells: 2/10 levels left

rFire    . . .     SeeInvis +   g - +0 dagger
rCold    + . .     Gourm    .   (no shield)
rNeg     + + .     Faith    .   a - +0 robe
rPois    +         Spirit   .   (no helmet)
rElec    .         Reflect  .   (no cloak)
rCorr    .         Harm     .   (no gloves)
MR       .....                  (no boots)
Stlth    +++.......             (no amulet)
HPRegen  0.05/turn              (no ring)
MPRegen  0.11/turn              (no ring)

@: regenerating slowly
A: fangs 3, see invisible, unbreathing
a: Bat Form


You were on level 3 of the Dungeon.
You were near bloodless.

You visited 1 branch of the dungeon, and saw 3 of its levels.

You collected 98 gold pieces.

Inventory:

Hand Weapons
 g - a +0 dagger (weapon)
Missiles
 l - 8 javelins of penetration (quivered)
Armour
 a - a +0 robe (worn)
Jewellery
 i - an uncursed ring of positive energy {unknown}
 n - a cursed amulet of inaccuracy {unknown}
Wands
 m - a wand of random effects (22)
Scrolls
 d - 2 scrolls of identify {unknown}
 e - a scroll of enchant armour {unknown}
 f - 2 scrolls of amnesia {unknown}
 h - 4 scrolls of teleportation {unknown}
 o - a scroll of fear {unknown}
 r - 2 scrolls of remove curse {unknown}
 u - a scroll of fog {unknown}
 v - 2 scrolls of enchant weapon {unknown}
Potions
 c - 6 potions of blood
 j - a potion of brilliance {unknown}
 k - a potion of heal wounds {unknown}
 p - a potion of invisibility {unknown}
 q - a potion of mutation {unknown}
 s - 2 potions of might {unknown}
 t - a potion of lignification {unknown}
Books
 b - a book of Necromancy

   Spells                             Type                      Level
   a - Pain                           Necromancy                   1
   b - Animate Skeleton               Necromancy                   1
   c - Vampiric Draining              Necromancy                   3
   d - Regeneration                   Charms/Necromancy            3
   e - Animate Dead                   Necromancy                   4
   f - Borgnjor's Vile Clutch         Necromancy/Earth             5


   Skills:
 - Level 2.1 Dodging
 - Level 3.0 Stealth
 + Level 3.3 Spellcasting
 * Level 6.5 Necromancy


You had 2 spell levels left.
You knew the following spells:

 Your Spells              Type           Power        Failure   Level  Hunger
a - Pain                  Necr           ####         1%          1    None
b - Vampiric Draining     Necr           ####......   3%          3    ###....
c - Animate Dead          Necr           N/A          11%         4    ####...


Dungeon Overview and Level Annotations

Branches:
Dungeon (3/15)

Altars:
Ashenzari
Makhleb
Qazlal
Sif Muna
Uskayaw
Xom
The Shining One


Innate Abilities, Weirdness & Mutations

You heal slowly.
You have razor-sharp teeth.
You have supernaturally acute eyesight. (SInv)
You can survive without breathing.


Message History

The bullfrog zombie hits you.
You hit the bullfrog zombie. Your bite misses the bullfrog zombie.
The bullfrog zombie is severely damaged.
The bullfrog zombie closely misses you.
The bullfrog zombie hits you but does no damage.
Your leopard gecko zombie bites the bullfrog zombie.
You hit the bullfrog zombie but do no damage.
The bullfrog zombie is severely damaged.
The bullfrog zombie hits you.
Your leopard gecko zombie bites the bullfrog zombie.
You hit the bullfrog zombie but do no damage.
The bullfrog zombie is severely damaged.
The bullfrog zombie hits you!
* * * LOW HITPOINT WARNING * * *
Your leopard gecko zombie bites the bullfrog zombie.
You hit the bullfrog zombie.
The bullfrog zombie is almost destroyed.
The bullfrog zombie hits you but does no damage.
The bullfrog zombie hits you.
You die...

#.# #.# ### ###
#)# ..# #.. #.#
####.# #.# #.#
....# #.# #.#
#..###.# # #.####
#####...##.####.#
#..... #
#..........ZZ@..#
#####. #
#.###...##.######
#. # #.# #...##.#
#.
#.##.###.#.##.#
#.
#........#.##.#
#.
####.#####.##.#
#. .....# #.##.#
#. ###### #.##.#
#######.
##########.##.#
#######.......


You could see a bullfrog zombie and a friendly leopard gecko zombie.

Vanquished Creatures
  A crimson imp (D:3)
  A hound (D:3)
  Jessica (D:2)
  2 adders
  2 worms
  5 dart slugs
  A leopard gecko (D:3)
  An orc (D:3)
  3 ball pythons
  A giant cockroach (D:2)
  4 goblins
  6 hobgoblins
  6 kobolds
  3 bats
  3 frilled lizards
  7 rats
47 creatures vanquished.

Vanquished Creatures (collateral kills)
  A bat (D:3)
  A hobgoblin (D:3)
  A quokka (D:3)
3 creatures vanquished.

Grand Total: 50 creatures vanquished

Notes
Turn   | Place    | Note
-------+----------+-------------------------------------------
     0 | D:1      | rgaf the Vampire Necromancer began the quest for the Orb.
     0 | D:1      | Reached XP level 1. HP: 13/13 MP: 3/3
   347 | D:1      | Reached XP level 2. HP: 10/19 MP: 3/5
   861 | D:1      | Reached skill level 5 in Necromancy
  1147 | D:2      | Noticed Jessica
  1256 | D:2      | Killed Jessica
  1256 | D:2      | Reached XP level 3. HP: 20/24 MP: 1/6
  1564 | D:2      | Found a shattered altar of Ashenzari.
  1566 | D:2      | Found a burning altar of Makhleb.
  1570 | D:2      | Found a deep blue altar of Sif Muna.
  1570 | D:2      | Found a shimmering altar of Xom.
  1571 | D:2      | Found a glowing golden altar of the Shining One.
  1575 | D:2      | Found a hide-covered altar of Uskayaw.
  1766 | D:2      | Reached XP level 4. HP: 24/30 MP: 4/8
  1970 | D:2      | Learned a level 3 spell: Vampiric Draining
  2657 | D:3      | Found a stormy altar of Qazlal.
  2757 | D:3      | Reached skill level 6 in Necromancy
  2766 | D:3      | Learned a level 4 spell: Animate Dead
  3362 | D:3      | Reached XP level 5. HP: 10/35 MP: 6/9
  3889 | D:3      | Slain by a bullfrog zombie

Skill      XL: |  1  2  3  4 |
---------------+-------------+-----
Necromancy     | 5 6 |  6.5
Spellcasting   | 3 |  3.3
Dodging        | |  2.1
Stealth        | |  3.0

Action                   |  1- 3 |  4- 6 || total
-------------------------+-------+-------++-------
Melee: Dagger            |     8 |    29 ||    37
       Bite              |     1 |       ||     1
 Cast: Pain              |    55 |    41 ||    96
       Animate Dead      |       |     3 ||     3
Evoke: Wand              |       |     9 ||     9
  Use: Potion            |     1 |     4 ||     5
 Stab: Paralysed         |       |     2 ||     2
Armor: Robe              |    19 |     7 ||    26
Dodge: Dodged            |    27 |    31 ||    58
